 Dungeon Crawl Stone Soup version 0.31-b1-20-g67cafac56d (webtiles) character file.

Game seed: 8553574825004951868

699 TheRedMage the Magician (level 7, -4/47 HPs)
             Began as a Demonspawn Earth Elementalist on Jan 17, 2024.
             Slain by an orc warrior
             ... wielding a +0 trident
              (8 damage)
             ... on level 5 of the Dungeon.
             The game lasted 00:10:23 (3448 turns).

TheRedMage the Magician (DsEE)                      Turns: 3448, Time: 00:10:24

Health: -4/47      AC:  2    Str: 14    XL:     7   Next: 38%
Magic:  9/15       EV: 18    Int: 15    God:
Gold:   173        SH:  0    Dex: 18    Spells: 5/16 levels left

rFire   . . .        b - +0 dagger
rCold   . . .        (no shield)
rNeg    . . .        a - +0 robe
rPois   .            (no helmet)
rElec   .            (no cloak)
rCorr   .            (no gloves)
SInv    .            (no boots)
Will    .....        (no amulet)
Stlth   +++          g - +6 ring of strength
HPRegen 0.27/turn    (no ring)
MPRegen 0.14/turn

%: no passive effects
@: agile
A: thin skeletal structure 1, powered by death 2, powered by pain 1
a: no special abilities


You were on level 5 of the Dungeon.
You visited 1 branch of the dungeon, and saw 5 of its levels.

You collected 173 gold pieces.

Inventory:

Hand Weapons
 b - a +0 dagger (weapon)
Armour
 a - a +0 robe (worn)
Jewellery
 g - a +6 ring of strength (left hand)
Wands
 n - a wand of digging (3)
Scrolls
 c - a scroll of vulnerability
 e - 2 scrolls of teleportation {unknown}
 i - a scroll of silence {unknown}
 j - a scroll of enchant weapon {unknown}
 k - a scroll of identify
 l - a scroll of blinking
 o - a scroll of brand weapon {unknown}
 r - a scroll of fear {unknown}
Potions
 d - a potion of attraction
 f - a potion of lignification


   Skills:
 + Level 0.9 Fighting
 + Level 0.5 Short Blades
 + Level 0.7 Throwing
 + Level 2.4 Dodging
 + Level 2.4 Stealth
 + Level 5.4 Spellcasting
 + Level 1.1 Conjurations
 + Level 5.1 Earth Magic


You had 5 spell levels left.
You knew the following spells:

 Your Spells              Type           Power      Damage    Failure   Level
a - Sandblast             Erth           38%        2d10      1%          1
b - Stone Arrow           Conj/Erth      26%        3d8       13%         3
c - Brom's Barrelling Bo  Conj/Erth      13%        2d4       38%         4
d - Passwall              Erth           19%        N/A       5%          3

Your spell library contained the following spells:

 Spells                   Type           Power      Damage    Failure   Level
 Sting                    Conj/Alch      20%        1d4       12%         1
 Apportation              Tloc           8%         N/A       16%         1
 Necrotise                Necr           16%        1d4       16%         1
 Summon Small Mammal      Summ           16%        N/A       16%         1
 Petrify                  Alch/Erth      11%        N/A       47%         4


Dungeon Overview and Level Annotations

Branches:
Dungeon (5/15)
 Temple: D:4-7

Altars:
Hepliaklqana
Xom


Innate Abilities, Weirdness & Mutations

You have a somewhat thin skeletal structure. (Dex +2, Stealth+)
You regenerate health from kills.
You sometimes gain a little power by taking damage.


Message History

The orc warrior shouts!
The orc wizard shouts!
You hear a shout!
The blast of sand hits the orc wizard.
The orc wizard is moderately wounded.
The blast of sand hits the orc warrior but does no damage.
A scorpion comes into view.
The blast of sand hits the orc warrior but does no damage.
The orc warrior hits you from afar with a +0 trident.
The blast of sand misses the orc warrior.
The blast of sand hits the orc wizard!
You kill the orc wizard!
The orc warrior hits you from afar with a +0 trident!
The orc warrior closely misses you.
The blast of sand hits the orc warrior but does no damage.
The orc warrior barely misses you.
The blast of sand hits the orc warrior but does no damage.
The orc warrior barely misses you. The orc warrior misses you.
The blast of sand hits the orc warrior but does no damage.
The orc warrior hits you from afar with a +0 trident!
You are too injured to fight recklessly!
You are too injured to fight recklessly!
You are too injured to fight recklessly!
You are too injured to fight recklessly!
Casting: Sandblast (safe; 1% risk of failure)
Confirm with . or Enter, or press ? or * to list all spells.
Aiming: Sandblast (safe; 1% risk of failure)
Press: ? - help, Shift-Dir - straight line, f/p - orc warrior
Aim: an orc warrior, wielding a +0 trident and wearing a +0 plate armour (82% to hit)
The blast of sand hits the orc warrior but does no damage.
The orc warrior hits you from afar with a +0 trident!
* * * LOW HITPOINT WARNING * * *
You focus on the pain.
You feel agile all of a sudden.
The orc warrior hits you from afar with a +0 trident.
* * * LOW HITPOINT WARNING * * *
Unknown command.
The orc warrior attacks as it pursues you!
The orc warrior completely misses you.
The orc warrior attacks as it pursues you!
The orc warrior hits you from afar with a +0 trident!
You die...

#.#.#.########.#.##
#.#.#.# #.#.#
#.#.#.# #>#.#
......#### #.#.#
.........# #.#.#
#...####.#####.#.#
..### #<......#.#
.# #########.# .
#@# #.# #o# #.# #s#
#)# #.# .$# ###


You could see an orc warrior and a scorpion.

Vanquished Creatures
  A water moccasin (D:5)
  An ogre (D:5)
  2 phantoms
  A hound (D:4)
  2 orc priests
  Natasha (thrice) (D:2)
  2 orc wizards
  9 gnolls
  6 orcs
  2 endoplasms
  3 giant cockroaches (D:3)
  5 goblins
  3 hobgoblins
  6 jackals
  8 kobolds
  2 quokkas
  5 ball pythons
  5 bats
  2 frilled lizards
  3 rats
71 creatures vanquished.

Notes
Turn   | Place    | Note
-------+----------+-------------------------------------------
     0 | D:1      | TheRedMage the Demonspawn Earth Elementalist began the
                  | quest for the Orb.
     0 | D:1      | Reached XP level 1. HP: 13/13 MP: 3/3
   296 | D:1      | Gained mutation: You regenerate a little health from kills.
                  | [demonic ancestry]
   296 | D:1      | Reached XP level 2. HP: 19/19 MP: 1/5
   853 | D:2      | Gained mutation: You regenerate health from kills. [demonic
                  | ancestry]
   853 | D:2      | Reached XP level 3. HP: 24/24 MP: 5/7
   895 | D:2      | Noticed Natasha
   903 | D:2      | Killed Natasha
  1310 | D:2      | Noticed Natasha
  1322 | D:2      | Killed Natasha
  1323 | D:2      | Reached XP level 4. HP: 31/31 MP: 4/8
  1599 | D:2      | Noticed Natasha
  1604 | D:2      | Killed Natasha
  1665 | D:2      | Learned a level 3 spell: Stone Arrow
  1670 | D:2      | Learned a level 4 spell: Brom's Barrelling Boulder
  2005 | D:3      | Found a faded altar of an unknown god.
  2180 | D:3      | Found a hazy altar of Hepliaklqana.
  2278 | D:3      | Noticed a phantom
  2291 | D:3      | Killed a phantom
  2292 | D:3      | Gained mutation: You have a somewhat thin skeletal
                  | structure. (Dex +2, Stealth+) [demonic ancestry]
  2292 | D:3      | Reached XP level 5. HP: 5/36 MP: 2/10
  2381 | D:3      | Found a shimmering altar of Xom.
  2560 | D:3      | Learned a level 3 spell: Passwall
  2597 | D:4      | Gained mutation: You sometimes gain a little power by
                  | taking damage. [demonic ancestry]
  2597 | D:4      | Reached XP level 6. HP: 10/42 MP: 9/12
  2598 | D:4      | HP: 2/42 [gnoll/+0 spear (3)]
  2921 | D:5      | Entered Level 5 of the Dungeon
  3064 | D:5      | Noticed a water moccasin
  3074 | D:5      | Killed a water moccasin
  3075 | D:5      | Reached skill level 5 in Spellcasting
  3075 | D:5      | Reached XP level 7. HP: 28/47 MP: 0/14
  3206 | D:5      | Reached skill level 5 in Earth Magic
  3448 | D:5      | Slain by an orc warrior

Illustrated notes

Levels and vault maps discovered:
D:1:      lightli_arrival_statue_moat, layout_rooms
D:2:      layout_basic, minmay_cupped, uniq_natasha
D:3:      layout_loops_ring, mainiacjoe_overflow_boulevard,
          nicolae_overflow_crystal_walls, shapermc_ecumenical_altar_petra,
          nicolae_twisty_statue_hallways
D:4:      layout_basic
D:5:      layout_loops_ring, okawaru_gym_becter, minmay_temple_entry_butterflies

Skill      XL: |  1  2  3  4  5  6  7 |
---------------+----------------------+-----
Earth Magic    | 3 4 5 |  5.1
Spellcasting   | 3 4 5 |  5.4
Stealth        | 2 |  2.4
Dodging        | 2 |  2.4
Fighting       | |  0.9
Short Blades   | |  0.5
Throwing       | |  0.7
Conjurations   | |  1.1

Action                     |  1- 3 |  4- 6 |  7- 9 || total
---------------------------+-------+-------+-------++-------
  Melee: Dagger            |    18 |    10 |     5 ||    33
         Punch             |       |       |     1 ||     1
  Throw: Throwing net      |       |     1 |     3 ||     4
   Cast: Sandblast         |    42 |    64 |    22 ||   128
         Stone Arrow       |       |     3 |     3 ||     6
    Use: Potion            |     1 |     4 |       ||     5
         Scroll            |       |     6 |       ||     6
   Stab: Sleeping          |     1 |     1 |       ||     2
         Held in net/web   |       |       |     1 ||     1
 Armour: Robe              |    26 |    51 |    18 ||    95
  Dodge: Dodged            |    23 |    41 |    19 ||    83
